 Dungeon Crawl Stone Soup version 0.30-a0-756-gc2185399d4 (webtiles) character file.

Game seed: 8239916974609743571

15983 HammerPanzer the Executioner (level 12, 0/135 HPs)
             Began as a Minotaur Berserker on Feb 9, 2023.
             Was a High Priest of Trog.
             Succumbed to an orange demon's poison
             ... on level 12 of the Dungeon.
             The game lasted 00:31:56 (11888 turns).

HammerPanzer the Executioner (Minotaur Berserker)  Turns: 11888, Time: 00:31:57

Health: 0/135      AC: 14    Str: 26    XL:     12   Next: 6%
Magic:  11/11      EV:  7    Int:  4    God:    Trog [*****.]
Gold:   1751       SH:  5    Dex: 11    Spells: 11/11 levels left

rFire   . . .      SeeInvis .    a - +3 battleaxe (freeze)
rCold   . . .      Faith    .    (shield currently unavailable)
rNeg    + . .      Spirit   .    B - +0 plate armour
rPois   .          Reflect  +    z - +2 hat {Stlth+}
rElec   .          Harm     .    y - +0 cloak
rCorr   .          Rampage  .    (no gloves)
Will    .....                    (no boots) Stlth
                                 C - amulet of reflection
HPRegen 0.42/turn                c - +4 ring of slaying
MPRegen 0.12/turn                s - ring of positive energy

@: berserking, lethally poisoned (0 -> -59), weakened, spiked, very quick
A: horns 2, retaliatory headbutt
a: Renounce Religion, Berserk, Trog's Hand, Brothers in Arms


You were on level 12 of the Dungeon.
You worshipped Trog.
Trog was extremely pleased with you.
You visited 1 branch of the dungeon, and saw 12 of its levels.

You collected 2079 gold pieces.
You spent 328 gold pieces at shops.

Inventory:

Hand Weapons
 a - a +3 battleaxe of freezing (weapon)
 b - a +0 shortbow
Missiles
 h - 52 poisoned darts (quivered)
Armour
 y - a +0 cloak (worn)
 z - a +2 hat of stealth (worn)
 B - a +0 plate armour (worn)
Jewellery
 c - a +4 ring of slaying (left hand)
 s - a ring of positive energy (right hand)
 C - an amulet of reflection (around neck)
Wands
 d - a wand of digging (15)
 l - a wand of flame (29)
 q - a wand of light (10)
 x - a wand of roots (1)
Scrolls
 o - a scroll of magic mapping
 u - 4 scrolls of enchant armour
 v - 2 scrolls of fog
 w - 3 scrolls of fear
 E - a scroll of silence {unknown}
Potions
 e - a potion of mutation
 f - a potion of attraction
 g - 9 potions of curing
 i - 2 potions of flight
 j - a potion of resistance
 k - 2 potions of might {unknown}
 m - a potion of ambrosia {unknown}
 n - 2 potions of brilliance {unknown}
 p - 2 potions of magic {unknown}
 r - 3 potions of haste
 t - a potion of heal wounds
 D - a potion of lignification {unknown}


   Skills:
 - Level 3.6 Fighting
 + Level 22.6 Axes
 - Level 2.4 Armour
 - Level 2.1 Dodging


You had 11 spell levels left.
You didn't know any spells.
Your spell library was empty.

Dungeon Overview and Level Annotations

Branches:
Dungeon (12/15)            Temple (0/1) D:5            Lair (0/5) D:8
    Orc (0/2) D:9

Altars:
Dithmenos
Elyvilon
Gozag
Hepliaklqana
Nemelex Xobeh
Qazlal
Ru
Sif Muna
Trog
Vehumet
Yredelemnul
The Shining One

Shops:
D:4 =*?!*   D:8 *


Innate Abilities, Weirdness & Mutations

You have a pair of horns on your head.
You reflexively headbutt those who attack you in melee.


Message History

You feel very sick. The manticore barely misses you.
You block the manticore's attack. The manticore claws you.
The orange demon stings you but does no damage.
The orange demon stings you!
* * * LOW HITPOINT WARNING * * *
You are lethally poisoned!
The orange demon poisons you! The orange demon barely misses you.
You have reached level 12!
You feel agile.
You slash the orange demon! You freeze the orange demon.
You kill the orange demon!
Trog accepts your kill.
You slash the manticore! You freeze the manticore.
* * * LOW HITPOINT WARNING * * *
You feel extremely sick.
You barely miss the manticore. You headbutt the manticore!
The manticore is severely wounded.
* * * LOW HITPOINT WARNING * * *
You feel very sick. The manticore bites you.
* * * LOW HITPOINT WARNING * * *
The manticore claws you but does no damage. x2
The orange demon stings you from afar.
* * * LOW HITPOINT WARNING * * *
You slice the manticore!! You freeze the manticore.
You kill the manticore!
Trog accepts your kill.
* * * LOW HITPOINT WARNING * * *
You feel very sick.
The barbs in your skin will harm you if you move.
Continue?
Okay, then.
* * * LOW HITPOINT WARNING * * *
You feel very sick. The orange demon stings you from afar.
* * * LOW HITPOINT WARNING * * *
You are more poisoned.
The orange demon poisons you!
You feel a strong urge to attack something.
You die...

..##..........#
..##..........#
..##..........#
..##..........#
..[.......#######
#########.......##
#######.†# ##.##
#.@.#
#...4†.†....#
#.(.........#
##.[#$..#[.##
#####.##### #..
##. ##


You could see an orange demon.

Vanquished Creatures
  Gastronok (D:9)
  Snorg (D:10)
  Erolcha (D:10)
  2 two-headed ogres
  A cyclops (D:11)
  2 manticores
  Joseph (D:10)
  3 orange demons (D:12)
  A rime drake (D:8)
  An unseen horror (D:11)
  A kobold demonologist (D:9)
  A troll (D:11)
  A hornet (D:9)
  A wraith (D:8)
  A vampire (D:12)
  14 yaks
  3 steam dragons
  3 acid dragons
  2 water moccasins
  Duvessa (D:4)
  6 orc warriors
  4 sky beasts
  6 ice beasts
  A black bear (D:7)
  10 centaurs
  2 wolves (D:8)
  3 phantoms
  4 kobold brigands
  3 bullfrogs (D:7)
  10 scorpions
  9 wights
  Dowan (D:4)
  5 killer bees
  3 howler monkeys
  5 jellies
  A gnoll bouda (D:10)
  6 orc priests
  2 hounds
  3 iguanas
  6 orc wizards
  11 adders
  9 gnolls
  2 white imps (D:6)
  An ufetubus (D:6)
  3 worms
  3 dart slugs (D:1)
  53 orcs
  10 endoplasms
  3 giant cockroaches
  6 goblins
  6 hobgoblins
  6 jackals (D:1)
  2 quokkas (D:4)
  3 ball pythons
  6 bats
  5 frilled lizards
  16 kobolds
  3 rats
280 creatures vanquished.

Vanquished Creatures (others)
  3 plants (D:8)
3 creatures vanquished.

Grand Total: 283 creatures vanquished

Notes
Turn   | Place    | Note
-------+----------+-------------------------------------------
     0 | D:1      | HammerPanzer the Minotaur Berserker began the quest for the
                  | Orb.
     0 | D:1      | Reached XP level 1. HP: 19/19 MP: 0/0
   105 | D:1      | Reached skill level 4 in Axes
   220 | D:1      | Reached XP level 2. HP: 25/26 MP: 1/1
   319 | D:1      | Reached skill level 5 in Axes
   462 | D:1      | Reached XP level 3. HP: 27/31 MP: 2/2
   542 | D:1      | Reached ** piety under Trog
   812 | D:2      | Found a shadowy altar of Dithmenos.
  1385 | D:2      | Reached skill level 6 in Axes
  1385 | D:2      | Reached XP level 4. HP: 39/39 MP: 3/3
  2340 | D:3      | Reached *** piety under Trog
  2362 | D:3      | Reached skill level 7 in Axes
  2362 | D:3      | Reached XP level 5. HP: 40/45 MP: 4/4
  2421 | D:3      | Found a basalt altar of Yredelemnul.
  2628 | D:4      | Found Cioruo's Assorted Antiques.
  2638 | D:4      | Found Jedurekism's Magic Scroll Emporium.
  2650 | D:4      | Bought a scroll of identify for 22 gold pieces
  2681 | D:4      | Reached skill level 8 in Axes
  2869 | D:4      | Reached XP level 6. HP: 46/51 MP: 5/5
  2939 | D:4      | Found Box Yfao's Distillery.
  2956 | D:4      | Noticed Duvessa
  2957 | D:4      | Noticed Dowan
  3050 | D:4      | Killed Dowan
  3194 | D:4      | Killed Duvessa
  3195 | D:4      | Reached skill level 9 in Axes
  3246 | D:4      | Reached XP level 7. HP: 50/57 MP: 6/6
  3331 | D:4      | Found Syre Eriomo's General Store.
  3534 | D:4      | Found Gonliky's Jewellery Shop.
  3610 | D:5      | Entered Level 5 of the Dungeon
  3678 | D:5      | Reached skill level 10 in Axes
  3941 | D:5      | Found a staircase to the Ecumenical Temple.
  3951 | D:5      | Reached skill level 11 in Axes
  4186 | D:4      | Reached XP level 8. HP: 64/64 MP: 7/7
  4518 | D:5      | Identified a scroll of acquirement
  4518 | D:5      | Acquired 1011 gold pieces
  4578 | D:6      | Reached skill level 12 in Axes
  4713 | D:6      | Reached **** piety under Trog
  4761 | D:6      | Found a sacrificial altar of Ru.
  4761 | D:6      | Found a stormy altar of Qazlal.
  4761 | D:6      | Found a bloodstained altar of Trog.
  4761 | D:6      | Found a glowing golden altar of the Shining One.
  4762 | D:6      | Found a radiant altar of Vehumet.
  4762 | D:6      | Found a white marble altar of Elyvilon.
  4766 | D:6      | Found a shimmering blue altar of Sif Muna.
  4766 | D:6      | Found a hazy altar of Hepliaklqana.
  4766 | D:6      | Found a sparkling altar of Nemelex Xobeh.
  4813 | D:6      | Reached skill level 13 in Axes
  5206 | D:6      | Reached skill level 14 in Axes
  5410 | D:7      | Reached XP level 9. HP: 62/70 MP: 8/8
  5720 | D:7      | Found an opulent altar of Gozag.
  5776 | D:7      | Reached skill level 15 in Axes
  6203 | D:7      | Reached skill level 16 in Axes
  7001 | D:8      | Found Yschime's Assorted Antiques.
  7009 | D:8      | Bought a scroll labelled CITUDWUTIL for 34 gold pieces
  7009 | D:8      | Bought 2 potions of curing for 204 gold pieces
  7009 | D:8      | Bought a scroll of identify for 68 gold pieces
  7153 | D:8      | Reached skill level 17 in Axes
  7166 | D:8      | Reached XP level 10. HP: 77/77 MP: 9/9
  7180 | D:8      | Found a staircase to the Lair.
  7331 | D:8      | Found Lilui's Armour Shoppe.
  7925 | D:9      | Noticed an orange demon
  7942 | D:8      | Reached ***** piety under Trog
  7992 | D:8      | Acquired a +2 hat of stealth
  8075 | D:9      | Reached skill level 18 in Axes
  8247 | D:9      | Noticed a manticore
  8255 | D:9      | Killed a manticore
  8497 | D:9      | Noticed a soul eater
  8651 | D:9      | Reached skill level 19 in Axes
  9347 | D:9      | Noticed Gastronok
  9363 | D:9      | Killed Gastronok
  9364 | D:9      | Reached skill level 20 in Axes
  9364 | D:9      | Reached XP level 11. HP: 22/82 MP: 10/10
  9604 | D:9      | Found a staircase to the Orcish Mines.
  9785 | D:9      | D:9 Orc Mine
  9809 | D:8      | D:8 Lair
  9819 | D:10     | Entered Level 10 of the Dungeon
  9943 | D:10     | Noticed Joseph
  9950 | D:10     | Killed Joseph
 10156 | D:10     | Found a shadowy altar of Dithmenos.
 10203 | D:10     | Noticed Snorg
 10204 | D:10     | Noticed Erolcha
 10394 | D:10     | Killed Snorg
 10499 | D:10     | Killed Erolcha
 10764 | D:10     | You fall into a shaft and drop 1 floor!
 10765 | D:11     | Noticed a two-headed ogre
 10965 | D:11     | Killed a two-headed ogre
 10966 | D:11     | Reached skill level 21 in Axes
 11816 | D:12     | Noticed a two-headed ogre
 11822 | D:12     | Killed a two-headed ogre
 11823 | D:12     | Reached skill level 22 in Axes
 11884 | D:12     | Reached XP level 12. HP: 39/90 MP: 11/11
 11888 | D:12     | Succumbed to an orange demon's poison

Illustrated notes

............#.###########..##
............#...# #...#...##
.......###....8.# #.8.'....##
.......# #..#...## ##...#.....##
.......###).####'###'#.##......##
##........).# ##...##.##.......#
#.......)..# #.>.##.##........
##..........# ##...##.##........
............####@###'#.##........
............#...#####...#........
.)...>......#.8.......8.'........
............#...#####...#........
............##########'##........
##...............................
#...............................
##..............................#
.......###.....................##


Turn 9785 on D:9: D:9 Orc Mine #.......# #.##..#.. #...#.######........
#...#.#...#......... #...#.###.#.#....... #####.#.............
#.......###....### #####.=.<...# #....#.. #...........###......#
#....@[..?............ #.........#####......# #.........# #....... ######..).#
##...... #.##.# ##...... #....# #.>..... ###### #....... #....... #.....## Turn
9809 on D:8: D:8 Lair

Levels and vault maps discovered:
D:1:      tekkud_arrival_beachfront_property, layout_loops_ring,
          minmay_strange_pillars
D:2:      layout_basic, basic_altar
D:3:      layout_basic, general_overflow_altar, minmay_door_square,
          minmay_close_crescents
D:4:      layout_basic, serial_shops, nicolae_take_the_stairs, shop,
          nicolae_shop_stone, kennysheep_little_box, shop, corexii_shack,
          uniq_duvessa
D:5:      layout_basic, minmay_temple_entry_junction,
          chequers_hall_statues_wall_a
D:6:      layout_basic, nicolae_overflows_in_rows,
          hangedman_abyss_or_decor_lesser_grid, minmay_bent
D:7:      minmay_polygon_palace, layout_gridville, grunt_gozag_breadcrumbs,
          hex_large
D:8:      layout_basic, hellmonk_lair_entry_icy, serial_shops,
          nicolae_shop_statue_plus, nicolae_shop_overgrown_old_shop
D:9:      layout_big_octagon, hiddenorc2_lemuel, uniq_gastronok
D:10:     layout_cave_pods, lemuel_tele_altar, nicolae_overflow_hidden_temple,
          uniq_erolcha, uniq_snorg, uniq_joseph
D:11:     layout_basic
D:12:     nicolae_cairo_tiling, layout_stronghold, einodemon_barbed_minivault

Skill      XL: |  1  2  3  4  5  6  7  8  9 10 11 |
---------------+----------------------------------+-----
Axes           | 4 5 6 7 8 9 11 14 17 20 22 | 22.6
Fighting       | |  3.6
Armour         | |  2.4
Dodging        | |  2.1

Action                     |  1- 3 |  4- 6 |  7- 9 | 10-12 || total
---------------------------+-------+-------+-------+-------++-------
  Melee: Hand axe          |    75 |    69 |    20 |       ||   164
         Headbutt          |    10 |    12 |    22 |    25 ||    69
         Battleaxe         |       |       |   150 |   197 ||   347
   Fire: Sling             |       |     1 |       |       ||     1
         Shortbow          |       |       |     4 |     6 ||    10
  Throw: Dart              |       |     3 |       |    22 ||    25
 Invoke: Berserk           |       |     2 |     4 |     9 ||    15
    Use: Scroll            |       |     9 |     6 |     5 ||    20
   Stab: Sleeping          |     2 |       |       |       ||     2
 Armour: Animal skin       |    13 |       |       |       ||    13
         Ring mail         |       |     6 |       |       ||     6
         Chain mail        |       |    19 |    62 |    48 ||   129
         Plate armour      |       |       |       |    69 ||    69
  Dodge: Dodged            |    36 |    32 |    62 |    84 ||   214
  Block: Other             |       |       |       |    18 ||    18
         Reflection        |       |       |       |     3 ||     3

Table legend: (Time is in decaauts)
 A = Elapsed time spent in this place.
 B = Non-inter-level travel time spent in this place.
 C = Inter-level travel time spent in this place.
 D = Time resting spent in this place.
 E = Time spent auto-exploring this place.
 F = Levels seen in this place.
 G = Mean time per level.
                   A        B        C        D        E       F      G
               +--------+--------+--------+--------+--------+-----+--------+
         Total |  11976 |  11317 |    659 |   2562 |   6453 |  12 |  998.0 |
       Dungeon |  11976 |  11317 |    659 |   2562 |   6453 |  12 |  998.0 |
               +--------+--------+--------+--------+--------+-----+--------+

Top non-repeatable levels by time:
     D:8: 1960 daAuts
     D:7: 1578 daAuts
     D:9: 1123 daAuts
     D:3: 976 daAuts
     D:2: 965 daAuts
    D:10: 963 daAuts
     D:4: 935 daAuts
     D:5: 926 daAuts
    D:11: 884 daAuts
     D:6: 838 daAuts
     D:1: 760 daAuts
    D:12: 62 daAuts
